Map: Year Zero LE

Players

ShoWTimE - Winner!

  • Race: Protoss Protoss
  • Spawn Location: 1:00

Stephano

  • Race: Zerg Zerg
  • Spawn Location: 11:00

Event: IEM Season 13: Katowice (2019)

VOD

Have the link to the VOD?

Description

Time

  • Played on: Feb. 25, 2019, 10:38 a.m.
  • Length: 23:41

All games in this series

Show
View Real Time Build Order
Export as new Build Order

ShoWTimE Protoss - Winner!

Build Orders: 1 Gate Expand, Archon Immortal, Archon Drop, Dark Templar Rush 

Get SALT Encoding   

  12  0:00  Probe  
  13  0:12  Probe  
  14  0:19  Pylon  
  14  0:25  Probe  
  15  0:33  Probe  
  15  0:41  Probe  
  16  0:42  Gateway  
  16  0:47  Assimilator  
  17  0:51  Probe  
  18  1:03  Probe  
  19  1:15  Probe  
  20  1:26  Nexus  
  20  1:35  Cybernetics Core  
  20  1:38  Probe  
  21  1:44  Assimilator  
  21  1:50  Probe  
  21  1:54  Pylon  
  22  2:02  Adept, Probe  
  23  2:14  Probe  
  26  2:17  Twilight Council  
  26  2:21  Warp Gate  
  26  2:26  Probe  
  27  2:31  Stalker  
  27  2:34  Probe  
  27  2:35  Probe  
  29  2:42  Probe  
  29  2:43  Probe  
  33  2:52  Probe  
  33  2:53  Probe  
  33  2:55  Charge  
  35  3:04  Probe  
  36  3:06  Robotics Facility  
  36  3:08  Probe  
  37  3:16  Probe  
  38  3:20  Gateway  
  38  3:26  Gateway  
  38  3:31  Gateway  
  38  3:35  Probe x2  
  40  3:42  Warp Prism  
  40  3:46  Pylon  
  40  3:47  Probe x2  
  44  3:58  Dark Shrine  
  44  3:59  Probe x2  
  46  4:03  Pylon  
  46  4:06  Assimilator  
  46  4:08  Warp Prism  
  46  4:09  Assimilator  
  48  4:30  Zealot x4  
  56  4:36  Pylon  
  56  4:50  Zealot x2  
  56  4:51  Zealot  
  62  4:55  Zealot, Pylon  
  62  4:58  Pylon  
  62  4:59  Probe x2  
  66  5:18  Dark Templar x4  
  74  5:23  Probe x2  
  60  5:43  Probe x2  
  58  5:52  Dark Templar x4  
  58  5:54  Observer  
  58  5:55  Forge  
  67  6:02  Archon  
  67  6:06  Immortal, Protoss Ground Weapons Level 1  
  67  6:13  Probe x2  
  67  6:16  Archon  
  67  6:18  Archon  
  73  6:22  Pylon  
  73  6:24  Dark Templar x2  
  77  6:26  Zealot  
  77  6:27  Zealot  
  77  6:28  Archon  
  81  6:36  Pylon  
  81  6:45  Immortal  
  81  6:54  Sentry  
  81  6:56  Pylon  
  79  7:01  Pylon  
  79  7:04  Sentry  
  81  7:09  Zealot x2  
  85  7:16  Immortal  
  85  7:18  Zealot, Probe  
  85  7:19  Probe  
  93  7:30  Zealot x3  
  93  7:35  Pylon  
  100  7:37  Nexus, Probe x2  
  100  7:39  Pylon  
  101  7:45  Immortal  
  101  7:51  Nexus  
  101  7:54  Sentry x3  
  101  7:55  Probe x2  
  113  8:01  Shield Battery  
  113  8:03  Protoss Ground Weapons Level 2  
  113  8:07  Probe  
  113  8:08  Probe  
  113  8:09  Photon Cannon  
  115  8:14  Immortal  
  115  8:22  Probe x2  
  115  8:25  Stalker  
  123  8:31  Pylon  
  123  8:34  Probe  
  124  8:44  Dark Templar  
  124  8:48  Immortal, Gateway  
  126  8:50  Gateway  
  130  9:06  Gateway  
  129  9:11  Gateway, Zealot  
  129  9:15  Zealot  
  132  9:23  Probe x2  
  134  9:24  Assimilator  
  134  9:28  Assimilator  
  134  9:32  Immortal, Zealot x2  
  134  9:33  Templar Archives  
  142  9:51  Pylon  
  142  9:54  Zealot, Pylon  
  142  9:55  Pylon  
  142  9:59  Psionic Storm  
  144  10:05  Immortal  
  144  10:13  High Templar  
  144  10:14  High Templar x3  
  156  10:25  Nexus  
  156  10:30  High Templar x2  
  156  10:31  Protoss Ground Weapons Level 3  
  156  10:32  Probe x3  
  156  10:34  Photon Cannon  
  163  10:40  Observer  
  163  10:44  Probe  
  163  10:45  Pylon  
  165  10:55  Stargate  
  163  10:59  Zealot x4  
  169  11:08  Dark Templar  
  171  11:13  Zealot x3  
  171  11:18  Probe  
  180  11:25  Immortal  
  179  11:27  Dark Templar  
  179  11:32  Pylon  
  180  11:34  Pylon  
  178  11:42  Zealot x5  
  184  11:48  Zealot x2  
  184  12:00  Observer  
  184  12:03  Dark Templar x2  
  184  12:06  Zealot x2  
  184  12:07  Oracle  
  177  12:11  Immortal  
  177  12:13  Probe x3  
  175  12:22  Zealot  
  175  12:23  Zealot x2  
  181  12:31  Probe x2  
  181  12:32  Probe, Assimilator  
  181  12:33  Probe  
  181  12:36  Assimilator  
  185  12:42  Shield Battery, High Templar x4  
  185  12:43  Probe  
  194  12:47  Archon x2  
  188  12:51  Dark Templar  
  188  12:52  Dark Templar x2  
  188  12:58  Immortal  
  155  13:14  Archon  
  155  13:15  Protoss Shields Level 1  
  155  13:17  Zealot x4  
  155  13:18  Probe x2  
  157  13:27  Immortal  
  149  13:37  Zealot x6  
  165  13:45  Zealot  
  167  13:51  Gateway  
  167  13:54  Fleet Beacon  
  167  13:56  Immortal  
  167  13:57  High Templar x2  
  167  13:58  High Templar  
  167  13:59  Zealot x3  
  179  14:07  Shield Battery  
  179  14:08  Shield Battery  
  183  14:10  Pylon  
  183  14:18  Blink  
  183  14:25  Zealot x2  
  185  14:32  Stargate  
  185  14:35  Stalker x5, Stargate  
  185  14:36  Observer  
  188  14:48  Dark Templar x2  
  182  14:53  Zealot  
  182  14:57  Tempest, Observer  
  190  15:01  Dark Templar  
  190  15:02  Zealot x2  
  190  15:03  Zealot x2  
  178  15:16  Tempest x2, Zealot  
  178  15:23  Protoss Shields Level 2  
  178  15:28  Zealot x4  
  190  15:31  Tempest  
  189  15:45  Nexus  
  189  15:46  Pylon  
  189  15:47  Photon Cannon  
  187  16:03  Tempest x2  
  187  16:04  Nexus  
  187  16:06  Dark Templar  
  187  16:08  Void Ray  
  195  16:15  Protoss Air Weapons Level 1  
  192  16:20  Zealot  
  192  16:21  Dark Templar  
  196  16:38  Dark Templar  
  196  16:40  Warp Prism  
  196  16:44  Dark Templar  
  200  17:05  Assimilator  
  200  17:08  Assimilator  
  198  17:15  Photon Cannon  
  198  17:16  Pylon  
  198  17:17  Photon Cannon  
  198  17:18  Pylon  
  198  17:19  Photon Cannon  
  198  17:28  Dark Templar x3  
  200  17:30  Pylon  
  189  17:39  Tempest  
  189  17:41  Tempest  
  189  17:43  Tempest  
  197  17:45  Zealot  
  199  17:55  Assimilator  
  199  17:56  Assimilator  
  193  18:02  High Templar x2  
  197  18:12  Tempest  
  192  18:13  High Templar  
  177  18:20  Zealot x2  
  177  18:21  Tempest, Zealot x3  
  197  18:38  Stalker  
  197  18:39  Stalker  
  196  18:43  Stalker x2  
  186  19:05  Stalker x2  
  190  19:12  Stalker x2  
  182  19:20  Stalker x2  
  180  19:25  Stalker  
  180  19:28  Cybernetics Core  
  180  19:30  Gateway  
  182  19:32  Gateway  
  182  19:35  Gateway  
  182  19:37  Gateway, Stalker x3  
  188  19:39  Gateway  
  186  19:52  Phoenix  
  157  20:03  Stalker x3  
  163  20:13  Stalker x2  
  162  20:14  Zealot x2  
  162  20:19  Stalker  
  161  20:22  Nexus  
  161  20:27  Stalker x2  
  126  20:37  Stalker  
  126  20:38  Zealot x9  
  140  20:51  Nexus  
  140  21:00  Zealot x2  
  136  21:07  Stalker  
  136  21:16  Stalker x3  
  142  21:22  Stalker  
  145  21:38  Assimilator  
  144  21:44  Assimilator  
  144  21:53  Dark Templar, Zealot  
  146  21:56  Zealot  
  136  22:22  Stalker x3  
  138  22:23  Stalker x2  
  146  23:02  Stalker x5  
  154  23:08  Zealot x2  
  154  23:09  Zealot  
  160  23:17  Stalker x2  
Show
View Real Time Build Order
Export as new Build Order

Stephano Zerg 

Build Orders: Hatch First, Brood Lord Corruptor, Roach Hydra 

Get SALT Encoding   

  12  0:00  Drone  
  13  0:12  Overlord  
  13  0:17  Drone  
  14  0:31  Drone x2  
  16  0:49  Hatchery  
  15  0:52  Drone  
  15  0:55  Drone  
  17  0:59  Drone  
  18  1:10  Extractor  
  17  1:15  Spawning Pool  
  16  1:18  Drone  
  16  1:21  Drone  
  18  1:28  Drone  
  19  1:38  Drone  
  20  1:49  Drone  
  21  2:01  Queen x2, Overlord  
  21  2:02  Zergling x2  
  26  2:11  Drone  
  26  2:12  Drone  
  28  2:24  Drone  
  28  2:28  Hatchery  
  28  2:31  Drone  
  28  2:32  Drone  
  30  2:39  Queen  
  32  2:44  Overlord  
  32  2:46  Drone  
  32  2:51  Metabolic Boost  
  33  2:53  Drone  
  34  2:59  Drone x2  
  34  3:04  Drone  
  37  3:08  Drone  
  37  3:09  Drone x3  
  37  3:11  Drone  
  42  3:17  Queen  
  44  3:21  Evolution Chamber  
  44  3:24  Spore Crawler  
  44  3:25  Drone  
  43  3:29  Drone  
  44  3:36  Overlord  
  44  3:41  Drone x2  
  46  3:43  Drone x4  
  50  3:51  Zerg Melee Weapons Level 1  
  50  3:54  Queen, Overlord  
  52  4:01  Zergling x6  
  55  4:05  Drone  
  55  4:09  Spore Crawler  
  55  4:10  Drone x2  
  55  4:12  Zergling x2, Spore Crawler  
  55  4:16  Zergling x6  
  59  4:18  Zergling x2  
  59  4:21  Zergling x4  
  62  4:24  Drone x2  
  62  4:27  Overlord  
  64  4:34  Lair  
  64  4:43  Overlord  
  64  4:44  Queen  
  66  4:50  Extractor, Roach Warren  
  66  4:51  Extractor  
  63  4:54  Zergling x6  
  63  4:55  Drone  
  63  4:56  Drone x5  
  63  4:59  Zergling x4  
  74  5:04  Spine Crawler  
  71  5:10  Zergling x10  
  73  5:15  Spine Crawler  
  73  5:19  Zergling x2  
  73  5:20  Zergling x4  
  72  5:26  Drone x4  
  65  5:35  Overseer  
  65  5:40  Zergling x8  
  65  5:51  Drone x5  
  70  6:03  Overlord, Glial Reconstitution  
  66  6:14  Roach x6  
  78  6:20  Roach  
  78  6:21  Overlord  
  80  6:30  Roach x2  
  80  6:31  Roach x2, Overlord  
  88  6:35  Zerg Missile Weapons Level 1  
  88  6:40  Roach  
  88  6:45  Roach  
  88  6:46  Roach  
  93  6:51  Roach x2  
  95  6:59  Roach x2  
  95  7:01  Roach  
  99  7:02  Drone x5  
  103  7:09  Drone x2  
  103  7:12  Overlord x2  
  103  7:14  Extractor  
  104  7:27  Hydralisk Den, Drone x2  
  104  7:28  Drone  
  106  7:30  Overlord x2  
  106  7:31  Drone x3  
  106  7:32  Drone  
  110  7:41  Overlord  
  110  7:48  Drone x6  
  114  7:52  Extractor  
  114  7:55  Drone x3  
  114  7:58  Extractor  
  114  8:00  Grooved Spines  
  114  8:02  Hydralisk x3  
  120  8:07  Hydralisk x2  
  120  8:09  Zergling x2  
  120  8:11  Hydralisk  
  127  8:16  Hydralisk x2  
  131  8:20  Hydralisk  
  131  8:23  Hydralisk  
  131  8:24  Hydralisk  
  137  8:30  Drone  
  137  8:31  Drone x2  
  140  8:34  Overseer  
  140  8:38  Zerg Missile Weapons Level 2  
  140  8:46  Hatchery  
  139  8:54  Overlord x2  
  138  8:57  Overlord  
  138  8:58  Overlord x2  
  138  8:59  Hatchery  
  138  9:01  Overlord  
  136  9:11  Muscular Augments  
  136  9:13  Hydralisk x5  
  145  9:20  Hydralisk x3  
  145  9:22  Hydralisk  
  152  9:28  Hydralisk  
  152  9:29  Overseer  
  153  9:35  Hydralisk x2  
  153  9:37  Nydus Network  
  156  9:41  Hydralisk x3  
  156  9:45  Hydralisk  
  164  9:47  Hydralisk  
  165  9:53  Hydralisk x2  
  165  9:56  Hydralisk  
  171  10:00  Hydralisk  
  171  10:02  Overlord  
  173  10:08  Drone x7  
  180  10:18  Overlord  
  180  10:32  Overseer, Overlord  
  180  10:33  Hydralisk x3, Overlord  
  180  10:34  Spine Crawler  
  185  10:35  Spine Crawler  
  185  10:37  Spore Crawler  
  185  10:41  Extractor  
  182  10:44  Pneumatized Carapace  
  182  10:49  Spore Crawler  
  181  10:53  Spine Crawler, Infestation Pit  
  179  11:00  Hydralisk x5  
  187  11:12  Hydralisk  
  187  11:13  Hydralisk x3  
  193  11:21  Nydus Canal  
  191  11:38  Nydus Canal  
  191  11:39  Hydralisk x2  
  189  11:40  Hydralisk x3  
  197  11:48  Hydralisk x3  
  191  11:54  Hydralisk x4, Nydus Canal  
  191  11:57  Hive  
  191  11:59  Spire, Extractor  
  197  12:06  Hydralisk  
  197  12:07  Hydralisk x2  
  174  12:22  Zergling x2  
  174  12:23  Zergling x22  
  185  12:31  Drone x6  
  191  12:39  Overseer  
  191  12:41  Overseer  
  191  12:50  Hydralisk x6  
  184  13:04  Hatchery  
  164  13:17  Drone x3  
  150  13:21  Drone x5  
  148  13:31  Zerg Missile Weapons Level 3  
  148  13:34  Evolution Chamber  
  144  13:35  Greater Spire  
  144  13:36  Corruptor x2  
  144  13:37  Corruptor x2  
  152  13:45  Extractor  
  152  13:46  Overseer  
  151  13:48  Extractor  
  151  13:50  Corruptor x2  
  151  13:51  Corruptor x2  
  156  14:10  Nydus Canal  
  156  14:19  Corruptor x5  
  156  14:21  Hatchery  
  163  14:42  Nydus Canal  
  160  14:51  Brood Lord x8  
  158  15:07  Overlord  
  158  15:13  Brood Lord  
  158  15:19  Brood Lord  
  156  15:22  Nydus Canal  
  156  15:32  Brood Lord  
  158  15:46  Corruptor x2  
  158  15:47  Hatchery  
  161  15:55  Hatchery  
  160  16:03  Nydus Canal  
  160  16:16  Corruptor x4  
  168  16:24  Drone x9  
  177  16:33  Zerg Flyer Weapons Level 1  
  177  16:38  Corruptor x3  
  183  16:42  Nydus Canal  
  183  16:51  Corruptor  
  186  16:54  Drone x3  
  186  16:57  Extractor  
  187  17:02  Corruptor x2  
  191  17:11  Corruptor  
  191  17:12  Corruptor  
  195  17:26  Corruptor x3  
  193  17:47  Corruptor x3  
  191  18:03  Corruptor x3  
  185  18:16  Hydralisk x2, Zergling x2  
  185  18:17  Zergling x14  
  195  18:28  Corruptor x3  
  195  18:32  Overseer  
  193  18:40  Corruptor x2  
  195  18:47  Hydralisk x2  
  199  19:01  Overlord, Zergling x2  
  185  19:11  Nydus Canal  
  185  19:16  Corruptor x5  
  165  19:28  Hydralisk x3  
  125  19:55  Zergling x2  
  125  19:56  Zergling x16  
  128  20:08  Hydralisk x3  
  126  20:21  Hydralisk  
  103  20:49  Brood Lord  
  97  21:00  Hydralisk  
  99  21:20  Drone x2  
  101  21:50  Hydralisk  
  103  22:21  Hydralisk  
  99  22:54  Hydralisk  

Tags
 
Add a new tag
Caveats
  • Supply blocks, unpowered buildings, or Contaminate may cause inaccurate times.
  • Supply counts are checked every 10 seconds.